 Dungeon Crawl Stone Soup version 0.28-a0-21-gf74fda84f9 (webtiles) character file.

Game seed: 9235042137480927922

34 sanka the Magician (level 3, -3/25 HPs)
             Began as a Djinni Summoner on July 26, 2021.
             Slain by Sigmund (11 damage)
             ... on level 2 of the Dungeon.
             The game lasted 00:02:48 (2191 turns).

sanka the Magician (Djinni Summoner)                Turns: 2191, Time: 00:02:49

Health: -3/25      AC:  2    Str:  7    XL:     3   Next: 50%
Gold:   17         EV: 12    Int: 17    God:
                   SH:  0    Dex: 13

rFire   + + .      SeeInvis +   d - +0 short sword
rCold   x . .      Faith    .   (no shield)
rNeg    . . .      Spirit   .   a - +0 robe
rPois   ∞          Reflect  .   (no helmet)
rElec   .          Harm     .   (no cloak)
rCorr   .          Rampage  .   (no gloves)
Will    .....                   (boots unavailable)
Stlth   ++........              (no amulet)
HPRegen 0.08/turn               (no ring)
MPRegen 0.00/turn               b - ring of see invisible

@: flying
A: sickness immunity, fire resistance 2, cold vulnerability 1, float, innate
caster, hp casting, extra vitality 1
a: no special abilities


You were on level 2 of the Dungeon.
You visited 1 branch of the dungeon, and saw 2 of its levels.

You collected 17 gold pieces.


Innate Abilities, Weirdness & Mutations

You are immune to sickness and miasma.
You are immune to poison.
Your flesh is very heat resistant. (rF++)
You are vulnerable to cold. (rC-)
You float through the air rather than walking.
You learn spells naturally, not from books.
Your magical power is your life essence.
You have superior vitality. (+4 HP)


   Skills:
 - Level 2.1 Dodging
 - Level 1.5 Stealth
 + Level 4.0 Spellcasting


You couldn't memorise any spells.
You knew the following spells:

 Your Spells              Type           Power      Damage    Failure   Level
c - Call Canine Familiar  Summ           17%        N/A       9%          3
x - Summon Small Mammal   Summ           68%        N/A       3%          1
y - Corona                Hex            18%        N/A       3%          1
z - Call Imp              Summ           17%        N/A       4%          2
X - Summon Lightning Spi  Summ/Air       17%        N/A       28%         4
Z - Summon Guardian Gole  Hex/Summ       17%        N/A       9%          3
Your spell library was empty.

Inventory:

Hand Weapons
 d - a +0 short sword (weapon)
Armour
 a - a +0 robe (worn)
Jewellery
 b - a ring of see invisible (right hand)
Scrolls
 e - a scroll of blinking {unknown}
 f - a scroll of identify {unknown}
 g - a scroll of teleportation {unknown}
Potions
 c - a potion of heal wounds {unknown}
 h - a potion of curing {unknown}

Dungeon Overview and Level Annotations

Branches:
Dungeon (2/15)

Altars:

Annotations:
D:2 Sigmund

▒............▒.▒ ▒....▒
▒▒▒▒▒...▒.▒▒▒▒.▒▒▒.▒...
▒▒▒▒▒▒▒▒▒...▒............▒▒
.......<....▒▒▒▒▒▒.▒▒▒▒▒.▒
.....▒▒▒▒.▒.▒ ▒ ▒.▒ ▒▒▒
▒.▒.▒▒▒▒▒▒.▒ ▒.▒
▒...@......▒ ▒.▒
▒.5.▒▒▒▒▒▒▒▒▒ ▒.▒
▒5R.........▒ ▒.▒
▒.5▒▒▒▒▒▒▒▒.▒ ▒.▒ ▒..▒ ▒.▒
▒.▒ ▒.÷▒ ▒.▒▒▒▒.▒ ▒..▒
▒......▒ ...▒ ▒▒▒▒▒▒▒▒
(..▒▒ ▒▒▒▒▒


You could see Sigmund (invisible) and 3 friendly crimson imps.


Message History

The helpless Sigmund fails to defend himself.
You hit Sigmund.
Sigmund is lightly wounded.
Sigmund whispers, "You'll know eternity soon."
Sigmund gestures wildly while chanting.
Sigmund flickers and vanishes for a moment.
Sigmund zaps a wand.
Unknown command.
Unknown command.
Sigmund casts a spell at you.
The puff of flame hits your crimson imp.
Sigmund giggles. "Time to reap what you sow."
Sigmund gestures at you while chanting. The magic dart hits your white imp!
Sigmund hits your white imp with a +0 scythe.
Your white imp dies!
Sigmund hits your shadow imp with a +0 scythe.
Your shadow imp hits Sigmund.
Sigmund zaps a wand.
Your shadow imp evaporates and reforms as a crimson imp!
Sigmund hits your crimson imp with a +0 scythe!
Your crimson imp dies!
A beastly little devil appears in a puff of flame.
Sigmund hits you from afar with a +0 scythe!
* * * LOW HITPOINT WARNING * * *
Unknown command.
A beastly little devil appears in a puff of flame.
* * * LOW HITPOINT WARNING * * *
Sigmund hits you from afar with a +0 scythe!
You die...

Action                   || total
-------------------------++-------
Melee: Short sword       ||    43
 Cast: Summon Small Mamm ||    20
       Call Imp          ||    15
 Stab: Sleeping          ||     5
Armor: Robe              ||     7
Dodge: Dodged            ||    30

Levels and vault maps discovered:
D:1:      dpeg_arrival_court, layout_loops_ring, shapermc_ecumenical_altar_gd,
          st_stairs_7
D:2:      layout_loops_ring, uniq_sigmund

Notes
Turn   | Place    | Note
-------+----------+-------------------------------------------
     0 | D:1      | sanka the Djinni Summoner began the quest for the Orb.
     0 | D:1      | Reached XP level 1. HP: 15/15 MP: 0/0
   248 | D:1      | Found a faded altar of an unknown god.
   579 | D:1      | Reached XP level 2. HP: 20/21 MP: 0/0
  1583 | D:2      | Reached XP level 3. HP: 15/25 MP: 0/0
  1583 | D:2      | Learned a level 1 spell: Corona
  1739 | D:2      | Reached skill level 4 in Spellcasting
  1747 | D:2      | Noticed Sigmund
  2191 | D:2      | Slain by Sigmund

Vanquished Creatures
  An adder (D:2)
  A kobold (D:1)
  2 ball pythons
  3 frilled lizards (D:1)
  A rat (D:1)
8 creatures vanquished.

Vanquished Creatures (collateral kills)
  2 adders (D:2)
  A dart slug (D:1)
  2 endoplasms (D:1)
  A goblin (D:1)
  3 hobgoblins (D:2)
  3 kobolds (D:1)
  A rat (D:1)
13 creatures vanquished.

Grand Total: 21 creatures vanquished
